 Dungeon Sprint DCSS version 0.22-a0-362-g535178c (webtiles) character file.

625 erloom the Fighter (level 7, -6/74 HPs)
             Began as a Minotaur Berserker on Apr 21, 2018.
             Was a Priest of Trog.
             Mangled by a centaur warrior (12 damage)
             ... in the Dungeon (Sprint I: "Red Sonja").
             The game lasted 00:02:06 (693 turns).

erloom the Fighter (Minotaur Berserker)              Turns: 693, Time: 00:02:07

Health: -6/74      AC:  4    Str: 22    XL:     7   Next: 23%
Magic:  6/6        EV: 12    Int:  4    God:    Trog [***...]
Gold:   317        SH:  0    Dex: 11    Spells: 6/6 levels left

rFire    . . .     SeeInvis .   a - +0 hand axe
rCold    . . .     Gourm    .   (no shield)
rNeg     . . .     Faith    .   k - +0 leather armour
rPois    .         Spirit   .   (helmet restricted)
rElec    .         Reflect  .   (no cloak)
rCorr    +         Harm     .   (no gloves)
MR       .....     NoTele   +   (no boots)
Stlth    +.........             (no amulet)
HPRegen  0.22/turn              m - ring of resist corrosion
MPRegen  0.10/turn              (no ring)

@: very slow
A: retaliatory headbutt, horns 2
a: Berserk, Trog's Hand, Renounce Religion


You were in the Dungeon.
You worshipped Trog.
Trog was most pleased with you.
You were not hungry.

You visited 1 branch You collected 317 gold pieces.

Inventory:

Hand Weapons
 a - a +0 hand axe (weapon)
Armour
 b - a +0 animal skin
 k - a +0 leather armour (worn)
Jewellery
 m - a ring of resist corrosion (left hand)
Wands
 j - a wand of random effects (28)
Scrolls
 i - a scroll of blinking
Potions
 d - a potion of curing
 e - a potion of heal wounds
 f - a potion of haste
 g - 2 potions of magic
 h - a potion of berserk rage
 l - a potion of flight {unknown}


   Skills:
 + Level 11.3 Fighting
 + Level 11.3 Axes
 + Level 11.0 Armour
 - Level 2.1 Dodging


You had 6 spell levels left.
You didn't know any spells.

Dungeon Overview and Level Annotations

Branches:
Dungeon (1/1)

Altars:
Cheibriados
Dithmenos
Elyvilon
Fedhas
Gozag
Hepliaklqana
Kikubaaqudgha
Makhleb
Nemelex Xobeh
Okawaru
Qazlal
Ru
Sif Muna
Trog
Uskayaw
Vehumet
Wu Jian
Xom
Yredelemnul
Zin
The Shining One
Jiyva
Lugonu

Shops:
D (


Innate Abilities, Weirdness & Mutations

You reflexively headbutt those who attack you in melee.
You have a pair of horns on your head.


Message History

Moving in this stuff is going to be slow.
Found 11 gold pieces.
A centaur warrior comes into view.
Found 5 curare-tipped needles.
The centaur warrior shouts! x2
The centaur warrior wields a shortbow.
The centaur warrior shoots an arrow.
The arrow hits you!
You hear a splash.
The centaur warrior wields a shortbow.
The centaur warrior shoots an arrow.
The arrow hits you!!
You hear a splash.
The centaur warrior shoots an arrow.
The arrow hits you!!
* * * LOW HITPOINT WARNING * * *
You see here 2 arrows.
Unknown command.
You slash the centaur warrior!
The centaur warrior is lightly wounded.
The centaur warrior unwields an uncursed shortbow.
The centaur warrior hits you!
You die...

#################
.#..)..#..'..#__#
.)..#..').#..'..+
.#####'#####'#__####
.####..#...#.####$(#
.#__####..##.#§§§c.#
.#_____##'#_.'§§@c§+
⌠#_.∩...'..._#§§§§§#
##_..__##_.#'##+####
#_____###+#.#
####### ###


You could see 2 centaur warriors.

Vanquished Creatures
  A slime creature (D)
  Sigmund (D)
  A yak (D)
  An ogre (D)
  A jelly (D)
  Ijyb (D)
6 creatures vanquished.

Notes
Turn   | Place    | Note
-------+----------+-------------------------------------------
     0 | D        | erloom the Minotaur Berserker began the quest for the Orb.
     0 | D        | Reached XP level 1. HP: 19/19 MP: 0/0
     1 | D        | Noticed Ijyb
     6 | D        | Killed Ijyb
     6 | D        | Reached skill level 5 in Fighting
     6 | D        | Reached skill level 5 in Axes
     6 | D        | Reached XP level 2. HP: 29/29 MP: 1/1
    55 | D        | Noticed an ogre
    59 | D        | Killed an ogre
    59 | D        | Reached XP level 3. HP: 33/39 MP: 2/2
    59 | D        | Reached XP level 4. HP: 40/47 MP: 3/3
   123 | D        | Noticed Sigmund
   145 | D        | Killed Sigmund
   145 | D        | Reached ** piety under Trog
   145 | D        | Reached XP level 5. HP: 15/57 MP: 4/4
   145 | D        | Reached XP level 6. HP: 17/64 MP: 5/5
   381 | D        | Found a burning altar of Makhleb.
   381 | D        | Found a viscous altar of Jiyva.
   381 | D        | Found a shimmering altar of Xom.
   381 | D        | Found a corrupted altar of Lugonu.
   381 | D        | Noticed a slime creature
   395 | D        | Killed a slime creature
   395 | D        | Reached skill level 10 in Fighting
   395 | D        | Reached skill level 10 in Axes
   395 | D        | Reached skill level 10 in Armour
   402 | D        | Found an ornate altar of the Wu Jian Council.
   402 | D        | Found a deep blue altar of Sif Muna.
   408 | D        | Found a radiant altar of Vehumet.
   642 | D        | Found Luufy's Weapon Emporium.
   642 | D        | Found an ancient bone altar of Kikubaaqudgha.
   642 | D        | Found a hazy altar of Hepliaklqana.
   642 | D        | Found a stormy altar of Qazlal.
   642 | D        | Found a hide-covered altar of Uskayaw.
   642 | D        | Found a blossoming altar of Fedhas.
   642 | D        | Found a bloodstained altar of Trog.
   642 | D        | Found an iron altar of Okawaru.
   642 | D        | Found a basalt altar of Yredelemnul.
   642 | D        | Found a glowing golden altar of the Shining One.
   642 | D        | Found a snail-covered altar of Cheibriados.
   642 | D        | Found a sacrificial altar of Ru.
   642 | D        | Found a glowing silver altar of Zin.
   642 | D        | Found a shadowy altar of Dithmenos.
   642 | D        | Found a white marble altar of Elyvilon.
   642 | D        | Noticed a yak
   648 | D        | Killed a yak
   648 | D        | Reached *** piety under Trog
   648 | D        | Reached XP level 7. HP: 74/74 MP: 6/6
   649 | D        | Found an opulent altar of Gozag.
   650 | D        | Found a sparkling altar of Nemelex Xobeh.
   688 | D        | Noticed a centaur warrior
   691 | D        | Noticed a centaur warrior
   693 | D        | Mangled by a centaur warrior

Vault maps used:
D:        dungeon_sprint_1

Skill      XL: |  1  2  3  4  5  6 |
---------------+-------------------+-----
Fighting       | 5 7 9 11 | 11.3
Axes           | 5 7 9 11 | 11.3
Armour         | 4 6 9 11 | 11.0
Dodging        | |  2.1

Action                   |  1- 3 |  4- 6 |  7- 9 || total
-------------------------+-------+-------+-------++-------
Melee: Hand axe          |     7 |    29 |     1 ||    37
       Headbutt          |     1 |     7 |       ||     8
Invok: Berserk           |     2 |     2 |       ||     4
Evoke: Wand              |       |     1 |       ||     1
  Eat: Ration            |       |     1 |       ||     1
Armor: Leather armour    |       |     1 |       ||     1
Dodge: Dodged            |     2 |    12 |       ||    14

Table legend:
 A = Spawn XP
 B = Non-spawn XP
 C = Spawn XP percentage of total XP
 D = Spawn monster count
 E = Non-spawn monster count
 F = Spawn count percentage of total count
 G = Total turns spent on level
                    A         B        C        D         E        F      G
               +---------+---------+-------+---------+---------+-------+---------
         Total |       0 |     893 |   0.0 |       0 |       6 |   0.0 |   693
               +---------+---------+-------+---------+---------+-------+---------
             D |       0 |     893 |   0.0 |       0 |       6 |   0.0 |   693
               +---------+---------+-------+---------+---------+-------+---------
